Map: Ruins of Endion

Players

Miszu - Winner!

  • Race: Terran Terran
  • League: Master

Damrud

  • Race: Zerg Zerg
  • League: Master

VOD

Have the link to the VOD?

Description

Time

  • Played on: April 23, 2016, 1:15 p.m.
  • Length: 5:28
Show
View Real Time Build Order
Export as new Build Order

Miszu Terran - Winner!

Build Orders: Reaper Expand 

Get SALT Encoding   

  12  0:00  SCV  
  13  0:13  SCV  
  14  0:17  Supply Depot  
  14  0:25  SCV  
  15  0:39  SCV  
  15  0:41  Barracks  
  16  0:44  Refinery  
  16  0:51  SCV  
  17  1:03  SCV  
  18  1:20  SCV  
  19  1:27  Reaper  
  20  1:32  Orbital Command  
  20  1:41  Command Center  
  20  1:49  Supply Depot  
  20  1:58  SCV  
  20  1:59  Marine  
  22  2:04  Refinery  
  22  2:10  SCV  
  22  2:13  Factory  
  23  2:21  Barracks Reactor  
  23  2:22  SCV  
  24  2:34  SCV  
  25  2:46  SCV  
  25  2:51  Command Center  
  26  2:53  Orbital Command  
  26  2:58  SCV  
  27  3:10  SCV  
  27  3:11  Barracks  
  28  3:14  Barracks Tech Lab  
  28  3:22  SCV  
  29  3:28  SCV  
  29  3:30  Bunker  
  29  3:38  Marine x2, Siege Tank  
  29  3:39  SCV  
  29  3:41  SCV  
  36  3:48  Barracks  
  36  3:52  SCV  
  36  3:53  SCV  
  38  3:55  Marine  
  38  3:58  Barracks Tech Lab  
  38  3:59  Marine  
  40  4:04  SCV  
  40  4:07  Orbital Command  
  40  4:08  SCV  
  42  4:16  SCV  
  43  4:17  Marine x2  
  44  4:25  Marine  
  39  4:35  Marine x3  
  39  4:51  SCV x2  
  39  4:52  Marine  
  40  4:53  Marine  
  40  4:54  SCV  
  45  5:03  SCV  
  45  5:04  SCV  
  45  5:06  Marine x2  
  49  5:12  SCV  
  50  5:15  Refinery, SCV  
  53  5:23  Supply Depot  
Show
View Real Time Build Order
Export as new Build Order

Damrud Zerg 

Build Orders: Hatch First, Roach Nydus 

Get SALT Encoding   

  12  0:01  Drone  
  13  0:14  Overlord  
  13  0:18  Drone  
  14  0:32  Drone x2  
  16  0:36  Drone  
  17  0:53  Hatchery  
  17  0:55  Drone  
  17  0:59  Drone  
  18  1:09  Extractor  
  17  1:13  Spawning Pool  
  17  1:16  Drone  
  17  1:20  Drone  
  18  1:30  Drone  
  19  1:45  Overlord  
  19  2:00  Zergling x2  
  20  2:03  Zergling x2  
  20  2:05  Queen  
  25  2:17  Drone x3  
  25  2:19  Lair  
  26  2:30  Drone x2  
  28  2:39  Extractor  
  28  2:40  Queen  
  29  2:44  Drone  
  29  2:45  Drone x2  
  32  2:58  Roach Warren  
  30  3:16  Queen  
  32  3:27  Nydus Network  
  31  3:37  Overlord  
  31  3:46  Roach x2  
  31  3:48  Overlord  
  35  3:50  Zergling x2  
  36  4:05  Nydus Canal  
  36  4:07  Roach x4  
  36  4:08  Roach  
  46  4:12  Queen  
  46  4:13  Zergling x2  
  49  4:20  Roach  
  51  4:25  Roach  
  51  4:29  Roach  
  51  4:30  Roach  
  44  4:41  Roach x2  
  39  4:50  Zergling x4  
  39  5:07  Nydus Canal  
Tags
 
Add a new tag
Caveats
  • Supply blocks, unpowered buildings, or Contaminate may cause inaccurate times.
  • Supply counts are checked every 10 seconds.